 Dungeon Crawl Stone Soup version 0.30-a0-1074-g5db6f66fbb (webtiles) character file.

Game seed: 16381248945009631584

203 OrthodoxDeviant the Digger (level 5, 0/38 HPs)
             Began as a Ghoul Earth Elementalist on Apr 14, 2023.
             Slain by an orc
             ... wielding a +2 heavy war axe
              (16 damage)
             ... on level 4 of the Dungeon.
             The game lasted 00:10:13 (4270 turns).

OrthodoxDeviant the Digger (GhEE)                   Turns: 4270, Time: 00:10:13

Health: 0/38       AC:  6    Str: 12    XL:     5   Next: 81%
Magic:  6/8        EV: 12    Int: 17    God:
Gold:   258        SH:  0    Dex:  9    Spells: 3/9 levels left

rFire   + . .      SeeInvis .    x - +1 whip (elec)
rCold   + . .      Faith    .    (no shield)
rNeg    + + +      Spirit   .    a - +0 robe
rPois   ∞          Reflect  .    f - +0 helmet
rElec   .          Rampage  .    (no cloak)
rCorr   .                        s - +1 pair of gloves
Will    +....                    m - +0 pair of boots
Stlth   ++                       t - amulet of magic regeneration
HPRegen 0.00/turn                g - ring "Rifilez" {rF+ Int+5}
MPRegen 0.51/turn                A - ring of willpower

@: inhibited regen
A: claws 1, cold resistance 1, negative energy resistance 3, inhibited
regeneration, torment resistance 2, devour on kill
a: no special abilities


You were on level 4 of the Dungeon.
You visited 1 branch of the dungeon, and saw 5 of its levels.

You collected 258 gold pieces.

Inventory:

Hand Weapons
 x - a +1 whip of electrocution (weapon)
Armour
 a - a +0 robe (worn)
 f - a +0 helmet (worn)
 m - a +0 pair of boots (worn)
 s - a +1 pair of gloves (worn)
 v - a +1 leather armour of willpower
 w - a +1 leather armour of cold resistance
Jewellery
 g - the ring "Rifilez" (left hand) {rF+ Int+5}
   (You found it on level 2 of the Dungeon)

   [ring of protection from fire]

   Int:       It affects your intelligence (+5).
   rF:        It protects you from fire.
 t - an amulet of magic regeneration (around neck)
 A - a ring of willpower (right hand)
Wands
 p - a wand of charming (14)
Scrolls
 d - a scroll of vulnerability {unknown}
 i - a scroll of enchant weapon {unknown}
 j - a scroll of amnesia {unknown}
 k - a scroll of fog {unknown}
 n - a scroll of immolation {unknown}
 o - 2 scrolls of teleportation
 u - 2 scrolls of identify {unknown}
 y - a scroll of butterflies {unknown}
 z - a scroll of acquirement {unknown}
Potions
 b - 2 potions of magic
 c - 2 potions of curing {unknown}
 e - 3 potions of heal wounds {unknown}
 h - 2 potions of mutation {unknown}
 l - a potion of experience {unknown}
 q - a potion of degeneration {unknown}
 r - a potion of attraction {unknown}


   Skills:
 - Level 1.7 Dodging
 - Level 2.1 Stealth
 + Level 2.9 Spellcasting
 * Level 2.1 Conjurations
 - Level 0.8 Transmutations
 * Level 5.2 Earth Magic


You had 3 spell levels left.
You knew the following spells:

 Your Spells              Type           Power      Damage    Failure   Level
a - Sandblast             Erth           40%        2d10      1%          1
b - Stone Arrow           Conj/Erth      30%        3d8       12%         3
c - Passwall              Tmut/Erth      10%        N/A       8%          2

Your spell library contained the following spells:

 Spells                   Type           Power      Damage    Failure   Level
 Petrify                  Tmut/Erth      12%        N/A       45%         4


Dungeon Overview and Level Annotations

Branches:
Dungeon (5/15)
 Temple: D:4-7

Altars:
Qazlal
Ru

Annotations:
D:4 exclusion: kobold brigand


Innate Abilities, Weirdness & Mutations

You are immune to poison.
You have sharp fingernails.
Your flesh is cold resistant. (rC+)
You are immune to negative energy. (rN+++)
You do not regenerate when monsters are visible.
You are immune to unholy pain and torment.
You thrive by killing the living.


Message History

Press: ? - help, Shift-Dir - straight line, f/p - orc
Aim: an orc, wielding a +2 heavy war axe and wearing a +0 chain mail (severely wounded, 87% to hit)
The blast of sand hits the orc but does no damage.
The orc is severely wounded.
You hear a shout!
An orc priest comes into view. It is wielding a +0 flail.
The orc priest calls upon Beogh to heal the orc.
The orc's wounds heal themselves!
Casting: Sandblast (safe; 1% risk of failure)
Confirm with . or Enter, or press ? or * to list all spells.
Aiming: Sandblast (safe; 1% risk of failure)
Press: ? - help, Shift-Dir - straight line, f/p - orc
Aim: an orc, wielding a +2 heavy war axe and wearing a +0 chain mail (87% to hit)
The blast of sand hits the orc.
The orc is moderately wounded.
The orc closely misses you.
Casting: Sandblast (safe; 1% risk of failure)
Confirm with . or Enter, or press ? or * to list all spells.
Aiming: Sandblast (safe; 1% risk of failure)
Press: ? - help, Shift-Dir - straight line, f/p - orc
Aim: an orc, wielding a +2 heavy war axe and wearing a +0 chain mail (moderately wounded, 87% to hit)
The blast of sand misses the orc.
The orc hits you with a +2 heavy war axe.
The orc priest hits you with a +0 flail. x2
The orc priest attacks as you move away!
The orc priest hits you with a +0 flail!
Things that are here:
a +0 mace; a +0 leather armour; an orc corpse
Casting: Sandblast (safe; 1% risk of failure)
Confirm with . or Enter, or press ? or * to list all spells.
Okay, then.
The orc priest begins to cast a cantrip, but forgets the words!
The orc attacks as you move away! The orc misses you.
Casting: Sandblast (safe; 1% risk of failure)
Confirm with . or Enter, or press ? or * to list all spells.
Aiming: Passwall (safe; 8% risk of failure)
Press: ? - help, Dir - move target, p - orc A rock wall.
The orc hits you with a +2 heavy war axe!
You die...

#######....##.#'##..
............#.#.##..
###############.#.#.##..
#.#<..))......#.#.#.##..
#.#####.......#.#.#.#...
###.......#######.#+#.#.#.
#.....................#.#.
######.#.##############....#.#+
#....#.#.).o.o@......#.........
#....#.#.###########.#.....#...
#....#S#######. #†....##..
#....#......... #.#.#.#...
##.....o#######. ##.#.#.#...
.............S... ......#...
####.....#######. ##.....#...
#.....# ##....#... #.....#
#........


You could see an orc priest and an orc.

Vanquished Creatures
  A howler monkey (D:4)
  An orc priest (D:4)
  Robin (D:3)
  A gnoll (D:4)
  3 adders
  2 dart slugs (D:1)
  2 worms
  5 orcs
  4 ball pythons
  3 bats
  5 endoplasms
  5 giant cockroaches
  3 hobgoblins
  2 jackals (D:4)
  2 quokkas
  4 frilled lizards
  18 goblins
  6 kobolds
  6 rats
74 creatures vanquished.

Notes
Turn   | Place    | Note
-------+----------+-------------------------------------------
     0 | D:1      | OrthodoxDeviant the Ghoul Earth Elementalist began the
                  | quest for the Orb.
     0 | D:1      | Reached XP level 1. HP: 14/14 MP: 2/2
    69 | D:1      | Found a faded altar of an unknown god.
   179 | D:1      | Reached XP level 2. HP: 8/20 MP: 0/4
   756 | D:1      | Reached XP level 3. HP: 26/26 MP: 2/5
   885 | D:1      | Reached skill level 4 in Earth Magic
  1133 | D:2      | Identified the ring "Rifilez" {rF+ Int+5}
  1140 | D:2      | Learned a level 3 spell: Stone Arrow
  1143 | D:2      | Learned a level 2 spell: Passwall
  1377 | D:2      | Found a stormy altar of Qazlal.
  2292 | D:3      | Reached XP level 4. HP: 33/33 MP: 4/6
  2543 | D:3      | Noticed Robin
  2567 | D:3      | Reached skill level 1 in Conjurations
  2839 | D:3      | Killed Robin
  3345 | D:4      | You fall into a shaft and drop 1 floor!
  3345 | D:5      | Entered Level 5 of the Dungeon
  3489 | D:4      | Found a sacrificial altar of Ru.
  3742 | D:4      | Noticed a scorpion
  3782 | D:4      | Noticed a kobold brigand
  3856 | D:4      | Reached XP level 5. HP: 38/38 MP: 6/8
  3924 | D:4      | Reached skill level 5 in Earth Magic
  4270 | D:4      | Slain by an orc

Illustrated notes

Levels and vault maps discovered:
D:1:      giann_horns, layout_basic, hellmonk_ecumenical_altar_arch_garden,
          minmay_misc_feat_square, minmay_pentomino_s4
D:2:      layout_loops_ring, basic_altar, chequers_serial_rivers_micro_e,
          dreamdust_wishing_well, wander_ebering_terrifying_dragon_lair
D:3:      layout_loops_ring, fountainhead, minmay_misc_feat_rugged, uniq_robin
D:4:      minmay_wonky_spiral, layout_basic, nicolae_overflow_two_pavilions
D:5:      layout_cave_pods, minmay_temple_entry_trees, serial_gnoll_camp,
          grums_kennel, gnoll_camp_mini_hut, gnoll_camp_mini_sergeant,
          gnoll_camp_huts_basic, nicolae_half_adder, uniq_menkaure

Skill      XL: |  1  2  3  4  5 |
---------------+----------------+-----
Spellcasting   | 2 |  2.9
Earth Magic    | 4 5 |  5.2
Conjurations   | 1 2 |  2.1
Dodging        | |  1.7
Stealth        | |  2.1
Transmutations | |  0.8

Action                     |  1- 3 |  4- 6 || total
---------------------------+-------+-------++-------
  Melee: Unarmed           |    12 |       ||    12
         Whip              |       |     5 ||     5
   Cast: Sandblast         |    51 |    57 ||   108
         Passwall          |       |     2 ||     2
    Use: Scroll            |       |     1 ||     1
 Armour: Robe              |     3 |     9 ||    12
  Dodge: Dodged            |    21 |    20 ||    41

Table legend: (Time is in decaauts)
 A = Elapsed time spent in this place.
 B = Non-inter-level travel time spent in this place.
 C = Inter-level travel time spent in this place.
 D = Time resting spent in this place.
 E = Time spent auto-exploring this place.
 F = Levels seen in this place.
 G = Mean time per level.
                   A        B        C        D        E       F      G
               +--------+--------+--------+--------+--------+-----+--------+
         Total |   4326 |   3928 |    398 |    432 |   2662 |   5 |  865.2 |
       Dungeon |   4326 |   3928 |    398 |    432 |   2662 |   5 |  865.2 |
               +--------+--------+--------+--------+--------+-----+--------+

Top non-repeatable levels by time:
     D:2: 1151 daAuts
     D:1: 1142 daAuts
     D:3: 1086 daAuts
     D:4: 873 daAuts
     D:5: 73 daAuts
